 Dungeon Sprint DCSS version 0.14-a0-3520-g290746a (webtiles) character file.

6014 BluebellGnoll the Unseen (level 10, 14/41 (44) HPs)
             Began as a Spriggan Enchanter on Mar 27, 2014.
             Was a Believer of Vehumet.
             Quit the game in the Dungeon (Sprint II: "The Violet Keep of Menkaure").
             The game lasted 00:08:43 (1153 turns).

BluebellGnoll the Unseen (Spriggan Enchanter)       Turns: 1153, Time: 00:08:43

HP  14/41 (44)   AC  3     Str  4      XL: 10   Next: 23%
MP  26/33        EV 22     Int 20      God: Vehumet [**....]
Gold 1234        SH  0     Dex 17      Spells:  6 memorised, 17 levels left

rFire  . . .     SeeInvis +     f - +2 short sword (drain)
rCold  . . .     Rnd*Rage +     b - +1 robe (curse)
rNeg   . . .     Conserve .     (shield restricted)
rPois  .         rCorr    .     (helmet restricted)
rElec  .         rRot     .     (no cloak)
SustAb . .       Spirit   .     (gloves unavailable)
rMut   .         Warding  .     (boots unavailable)
Saprov . . .     NoTele   +     (no amulet)
MR     +....                    (no ring)
                                (no ring)

@: non-regenerating, invisible, diseased, very slightly contaminated, bonded
with blade, retching, very quick, somewhat resistant to hostile enchantments,
extraordinarily stealthy
A: unfitting armour, see invisible, berserk 1, herbivore 3, speed 3, slow
metabolism 2
a: Renounce Religion


You were in the Dungeon.
You worshipped Vehumet.
Vehumet was pleased with you.
You were very hungry.

You visited 1 branch You collected 1234 gold pieces.

Inventory:

Hand weapons
 a - a +1,+1 dagger
 f - a +2,+2 short sword of draining (weapon)
Missiles
 d - 12 darts (quivered)
Armour
 b - a cursed +1 robe (worn)
Comestibles
 h - a honeycomb
 l - 2 bread rations
 r - an apple
 t - a slice of pizza
Scrolls
 k - 4 scrolls of blinking
 o - 3 scrolls of remove curse {unknown}
 s - a scroll of fear {unknown}
 u - a scroll of recharging {unknown}
 x - a scroll of immolation {unknown}
 y - a scroll of enchant weapon I {unknown}
 z - a scroll of identify {unknown}
Potions
 e - a potion of porridge
 g - 4 potions of heal wounds
 i - 5 potions of magic
 j - 4 potions of resistance {unknown}
 m - a potion of might {unknown}
 n - a potion of cure mutation {unknown}
 p - a potion of restore abilities {unknown}
 q - a potion of invisibility {unknown}
 v - 2 potions of agility {unknown}
 w - a potion of curing
 A - 3 potions of flight {unknown}
Books
 c - a book of Maledictions

   Spells                             Type                      Level
   *Corona                            Hexes                        1
   *Sure Blade                        Hexes/Charms                 2
   *Ensorcelled Hibernation           Hexes/Ice                    2
   *Confuse                           Hexes                        3
   *Enslavement                       Hexes                        4
   *Invisibility                      Hexes                        6


   Skills:
 - Level 15.3 Short Blades
 - Level 1.1 Throwing
 * Level 6.6 Dodging
 + Level 16.4 Stealth
 + Level 13.4 Spellcasting
 - Level 13.0 Hexes


You had 17 spell levels left.
You knew the following spells:

 Your Spells              Type           Power        Failure   Level  Hunger
a - Corona                Hex            ######.      1%          1    None
b - Ensorcelled Hibernat  Hex/Ice        #####.       1%          2    None
c - Confuse               Hex            ######..     1%          3    None
d - Sure Blade            Hex/Chrm       #####.....   1%          2    None
e - Enslavement           Hex            ######..     1%          4    None
f - Invisibility          Hex            ######..     4%          6    #####..


Dungeon Overview and Level Annotations

Branches:
Dungeon (1/1)

Altars:
Cheibriados
Dithmenos
Elyvilon
Fedhas
Kikubaaqudgha
Makhleb
Nemelex Xobeh
Okawaru
Sif Muna
Trog
Vehumet
Xom
Yredelemnul
Zin
The Shining One
Beogh
Jiyva
Lugonu


Innate Abilities, Weirdness & Mutations

You are tiny and cannot use many weapons and most armour.
You have supernaturally acute eyesight.
You are a herbivore.
You cover ground extremely quickly.
You need consume almost no food.
You tend to lose your temper in combat.


Message History

Really walk into a travel-excluded area? [Y]es or [N]o only, please.
Really walk into a travel-excluded area?
A plague shambler comes into view.
Casting: Confuse
Confirm with . or Enter, or press ? or * to list all spells.
Aiming: Invisibility
Press: ? - help, Shift-Dir - straight line, f - you You fade into invisibility!
Casting: Invisibility
Confirm with . or Enter, or press ? or * to list all spells.
You become one with your weapon.
Really walk into a travel-excluded area?
A death drake comes into view.
Really walk into that arrow trap?
You avoid triggering an arrow trap.
There is an arrow trap here.
You see here an arrow.
The plague shambler hits you.
You feel violently ill.
Are you sure you want to abandon this character and quit the game? (Confirm with "yes".)

...### #.§§▓▓▓▓▓▓▓▓▓▓ ....#
#§.§▓§§§≈§≈≈≈▓▓ ...#
##§§▓▓▓▓▓▓▓▓▓▓▓ ..#
l#}[▓(...)(..▓▓ ##+##.. ####^#
.#)§▓...)%...▓▓
#...##.####.%'.##.#):▓....(().▓▓
.)#..# ...#%.#...####▓.[).....▓▓
#...####..#####..##)#▓.)...[).▓▓
##+###.##..#..+.@#..#▓([.)..).▓▓
##.##..##..#$.#n.#..#▓.......)▓▓
+.<.'##.'..####^^##.#▓.%..%..[▓▓
##.##..##..%.###...##▓▓▓▓▓▓▓'▓▓▓▓
##'###.##......≈≈≈≈≈≈≈≈≈≈≈≈≈...≈≈
#...####≈≈.....≈#'########≈###.≈≈
..#%.#≈≈≈≈≈§≈§§≈#........#≈≈≈##≈≈
#%#.##≈≈≈≈§§≈≈.§#...⌠....#≈§≈≈###
##+##≈≈≈§≈§§§≈≈≈#.._._...#%§§§≈##


You could see a plague shambler and a death drake (sleeping).

Vanquished Creatures
  A kraken (D)
  2 shining eyes (D)
  A mermaid (D)
  2 spiny frogs (D)
  A yaktaur (D)
  3 polar bears (D)
  2 hippogriffs (D)
  Menkaure (D)
  4 necrophages (D)
  A yellow wasp (D)
  A crocodile (D)
  7 big fish (D)
  4 worker ants (D)
30 creatures vanquished.

Vanquished Creatures (others)
  13 tentacles (D)
  13 tentacle segments (D)
26 creatures vanquished.

Grand Total: 56 creatures vanquished

Notes
Turn   | Place    | Note
--------------------------------------------------------------
     0 | D        | BluebellGnoll, the Spriggan Enchanter, began the quest for the Orb.
     0 | D        | Reached XP level 1. HP: 9/9 MP: 4/4
     1 | D        | Noticed a hippogriff
     1 | D        | Noticed a hippogriff
     9 | D        | Killed a hippogriff
     9 | D        | Reached skill level 14 in Stealth
     9 | D        | Reached XP level 2. HP: 4/13 MP: 7/7
     9 | D        | Reached XP level 3. HP: 5/16 MP: 9/9
     9 | D        | Reached XP level 4. HP: 6/21 MP: 12/12
    18 | D        | Learned a level 2 spell: Ensorcelled Hibernation
    22 | D        | Learned a level 3 spell: Confuse
    25 | D        | Learned a level 2 spell: Sure Blade
    28 | D        | Killed a hippogriff
    28 | D        | Reached XP level 5. HP: 5/24 MP: 11/20
    40 | D        | Learned a level 4 spell: Enslavement
   254 | D        | Noticed a mermaid
   257 | D        | Killed a mermaid
   257 | D        | Reached XP level 6. HP: 28/28 MP: 18/25
   257 | D        | Reached XP level 7. HP: 32/32 MP: 19/27
   271 | D        | Learned a level 6 spell: Invisibility
   272 | D        | Noticed a worker ant
   272 | D        | Noticed a worker ant
   272 | D        | Noticed a worker ant
   272 | D        | Noticed a worker ant
   277 | D        | Killed a worker ant
   278 | D        | Killed a worker ant
   278 | D        | Reached skill level 10 in Spellcasting
   280 | D        | Killed a worker ant
   282 | D        | Killed a worker ant
   344 | D        | Noticed a necrophage
   344 | D        | Noticed a necrophage
   344 | D        | Noticed a necrophage
   344 | D        | Noticed a necrophage
   347 | D        | Killed a necrophage
   355 | D        | Killed a necrophage
   361 | D        | Noticed a flying skull
   361 | D        | Noticed a flying skull
   362 | D        | Noticed a flying skull
   362 | D        | Noticed a flying skull
   369 | D        | Noticed a flying skull
   370 | D        | Noticed a flying skull
   370 | D        | Noticed a flying skull
   370 | D        | Noticed a flying skull
   373 | D        | Noticed a flying skull
   373 | D        | Noticed a flying skull
   374 | D        | Noticed a flying skull
   375 | D        | Killed a necrophage
   387 | D        | Killed a necrophage
   387 | D        | Reached XP level 8. HP: 18/33 MP: 10/30
   479 | D        | Noticed a flying skull
   698 | D        | Noticed a crocodile
   703 | D        | Killed a crocodile
   708 | D        | Found a sparkling altar of Nemelex Xobeh.
   708 | D        | Found a shimmering altar of Xom.
   708 | D        | Found a white marble altar of Elyvilon.
   709 | D        | Found a basalt altar of Yredelemnul.
   709 | D        | Found a bloodstained altar of Trog.
   709 | D        | Found a snail-covered altar of Cheibriados.
   709 | D        | Found a burning altar of Makhleb.
   712 | D        | Found a viscous altar of Jiyva.
   712 | D        | Found a radiant altar of Vehumet.
   713 | D        | Noticed a yaktaur
   713 | D        | Noticed a yellow wasp
   713 | D        | Noticed a polar bear
   714 | D        | Noticed a polar bear
   714 | D        | Noticed a polar bear
   715 | D        | Killed a polar bear
   716 | D        | Killed a polar bear
   718 | D        | Killed a yellow wasp
   719 | D        | Killed a polar bear
   719 | D        | Reached skill level 10 in Short Blades
   721 | D        | Killed a yaktaur
   721 | D        | Reached XP level 9. HP: 36/36 MP: 24/32
   728 | D        | Noticed Menkaure
   733 | D        | Noticed a shining eye
   733 | D        | Noticed a shining eye
   734 | D        | Noticed a shining eye
   735 | D        | Killed a shining eye
   747 | D        | Gained mutation: You tend to lose your temper in combat. [a shining eye]
   780 | D        | Killed a shining eye
   790 | D        | Noticed a spiny frog
   791 | D        | Noticed a spiny frog
   792 | D        | Killed a spiny frog
   794 | D        | Killed a spiny frog
   794 | D        | Reached skill level 15 in Short Blades
   857 | D        | Found a shadowy altar of Dithmenos.
   857 | D        | Found an ancient bone altar of Kikubaaqudgha.
   857 | D        | Found a deep blue altar of Sif Muna.
   857 | D        | Found a roughly hewn altar of Beogh.
   865 | D        | Killed Menkaure
   866 | D        | Found a glowing golden altar of the Shining One.
   867 | D        | Found a corrupted altar of Lugonu.
   867 | D        | Found an iron altar of Okawaru.
   867 | D        | Found a glowing silver altar of Zin.
   868 | D        | Found a blossoming altar of Fedhas.
   870 | D        | Noticed a big fish
   871 | D        | Noticed a big fish
   872 | D        | Noticed a big fish
   872 | D        | Noticed a big fish
   872 | D        | Became a worshipper of Vehumet
   888 | D        | Noticed a big fish
   905 | D        | Noticed a kraken
  1070 | D        | Killed a kraken
  1070 | D        | Reached skill level 16 in Stealth
  1070 | D        | Reached XP level 10. HP: 12/41 MP: 24/33
  1075 | D        | Killed a big fish
  1079 | D        | Killed a big fish
  1079 | D        | Acquired Vehumet's first power
  1079 | D        | Offered knowledge of Freeze by Vehumet.
  1082 | D        | Killed a big fish
  1084 | D        | Killed a big fish
  1089 | D        | Killed a big fish
  1093 | D        | Noticed a shark
  1098 | D        | Noticed a big fish
  1098 | D        | Noticed a big fish
  1099 | D        | Killed a big fish
  1100 | D        | Killed a big fish
  1105 | D        | Noticed a shark
  1113 | D        | Noticed an orange crystal statue
  1124 | D        | Noticed a shark
  1145 | D        | Noticed a plague shambler
  1149 | D        | Noticed a death drake
  1153 | D        | Quit the game

Action                   |  1- 3 |  4- 6 |  7- 9 | 10-12 || total
-------------------------+-------+-------+-------+-------++-------
Melee: Dagger            |     5 |     2 |    81 |       ||    88
       Short sword       |       |       |    14 |    13 ||    27
 Cast: Sure Blade        |       |     1 |     7 |     1 ||     9
       Confuse           |       |       |    13 |       ||    13
       Invisibility      |       |       |     2 |     1 ||     3
       Ensorcelled Hiber |       |       |     1 |       ||     1
  Use: Potion            |     1 |       |     2 |       ||     3
 Stab: Sleeping          |     1 |     2 |    11 |     2 ||    16
       Confused          |       |       |     6 |       ||     6
       Invisible         |       |       |     5 |     4 ||     9
